 Dungeon Sprint DCSS version 0.30-a0-1016-gfb0d676c02 (webtiles) character file.

Game seed: 456224601068225633

7297 rocky1 the Eclecticist (level 10, -1/64 HPs)
             Began as a Deep Elf Earth Elementalist on Apr 7, 2023.
             Was the Champion of Sif Muna.
             Slain by a ghost moth (6 damage)
             ... in the Dungeon (Sprint VII: "The Pits").
             The game lasted 00:10:43 (3027 turns).

rocky1 the Eclecticist (DEEE)                       Turns: 3027, Time: 00:10:43

Health: -1/64      AC:  4    Str:  4 (5)  XL:     10   Next: 89%
Magic:  0/31       EV: 18    Int: 25      God:    Sif Muna [******]
Gold:   0          SH:  0    Dex: 17      Spells: 18/39 levels left

rFire   . . .      SeeInvis .    s - +2 halberd of Kismet {vamp, rPois Dex+2}
rCold   . . .      Faith    .    (shield currently unavailable)
rNeg    . . .      Spirit   .    a - +0 robe
rPois   +          Reflect  .    q - +0 helmet
rElec   .          Rampage  .    (no cloak)
rCorr   .          NoTele   +    r - +0 pair of gloves
Will    +....                    (no boots)
Stlth   ++                       (no amulet)
HPRegen 0.30/turn                (no ring)
MPRegen 0.22/turn                (no ring)

@: marked, channelling
A: no striking features
a: Renounce Religion, Channel Magic, Forget Spell, Divine Exegesis


You were in the Dungeon.
You worshipped Sif Muna.
Sif Muna was exalted by your worship.
You visited 1 branch

Inventory:

Hand Weapons
 k - a +2 quarterstaff
 l - a +2 quarterstaff of protection
 s - the +2 halberd of Kismet (weapon) {vamp, rPois Dex+2}
   (You found it in the Dungeon)

   Dex:       It affects your dexterity (+2).
   rPois:     It protects you from poison.
Armour
 a - a +0 robe (worn)
 q - a +0 helmet (worn)
 r - a +0 pair of gloves (worn)
Jewellery
 g - a +3 ring of evasion
 o - a +3 ring of dexterity
Wands
 m - a wand of digging (5)
Scrolls
 i - 5 scrolls of amnesia
Potions
 b - 3 potions of magic
 c - 8 potions of curing
 d - 7 potions of heal wounds
 e - 3 potions of haste
 f - 4 potions of berserk rage
 n - 3 potions of brilliance
 p - a potion of might


   Skills:
 + Level 8.3 Fighting
 - Level 1.0 Staves
 + Level 10.2 Dodging
 - Level 2.4 Stealth
 + Level 15.4 Spellcasting
 + Level 8.2 Conjurations
 + Level 8.4 Summonings
 - Level 1.1 Transmutations
 + Level 5.7 Fire Magic
 + Level 7.5 Ice Magic
 + Level 6.8 Air Magic
 - Level 10.6 Earth Magic
 + Level 10.6 Invocations


You had 18 spell levels left.
You knew the following spells:

 Your Spells              Type           Power      Damage    Failure   Level
a - Sandblast             Erth           100%       2d20      1%          1
b - Stone Arrow           Conj/Erth      100%       3d13      1%          3
c - Summon Cactus Giant   Summ           28%        N/A       14%         6
d - Freezing Cloud        Conj/Ice/Air   27%        6-21      3%          5
e - Plasma Beam           Fire/Air       25%        2x1d41    32%         6

Your spell library contained the following spells:

 Spells                   Type           Power      Damage    Failure   Level
 Momentum Strike          Conj/Tloc      78%        3d10      1%          2
 Passwall                 Tmut/Erth      40%        N/A       1%          2
 Scorch                   Fire           96%        2d9       1%          2
 Static Discharge         Conj/Air       100%       2-7/arc   1%          2
 Mephitic Cloud           Conj/Pois/Air  44%        N/A       1%          3
 Swiftness                Air            52%        N/A       1%          3
 Flame Wave               Conj/Fire      53%        2d13      1%          4
 Summon Lightning Spire   Summ/Air       55%        N/A       1%          4
 Volatile Blastmotes      Fire/Tloc      66%        2d15      2%          3
 Petrify                  Tmut/Erth      48%        N/A       2%          4
 Tukima's Dance           Hex            19%        N/A       9%          3
 Silence                  Hex/Air        18%        N/A       19%         5
 Blade Hands              Tmut           12%        N/A       45%         5
 Yara's Violent Unravell  Hex/Tmut       11%        3d6       54%         5
 Storm Form               Tmut/Air       19%        N/A       99%         7
 Maxwell's Capacitive Co  Air            26%        ∞         100%        8
 Chain Lightning          Conj/Air       27%        3d36      100%        9


Dungeon Overview and Level Annotations

Branches:
Dungeon (1/1)

Altars:
Ashenzari
Cheibriados
Dithmenos
Elyvilon
Fedhas
Gozag
Hepliaklqana
Kikubaaqudgha
Makhleb
Nemelex Xobeh
Okawaru
Qazlal
Ru
Sif Muna
Trog
Uskayaw
Vehumet
Wu Jian
Xom
Yredelemnul
Zin
The Shining One
Jiyva
Lugonu

Annotations:
D Harold, Urug


Message History

Harold and a hell rat come into view.
Casting: Stone Arrow (safe; 1% risk of failure)
Confirm with . or Enter, or press ? or * to list all spells.
Aiming: Freezing Cloud (dangerous; 3% risk of failure)
Press: ? - help, Dir - move target Harold is engulfed in freezing vapours.
Unknown command.
A goblin, a polar bear, a slime creature, a phantasmal warrior and a mummy come into view.
The goblin is wielding a +5 dagger of holy wrath.
Harold shouts!
Harold is engulfed in freezing vapours.
Harold gestures at you while chanting. A sentinel's mark forms upon you.
The goblin moves out of view.
Harold is engulfed in freezing vapours.
You feel you are being watched by something.
You feel your power leaking away.
Urug the Orcish Ballista comes into view.
She is wielding a +3 scimitar of distortion.
Harold is engulfed in freezing vapours.
You feel you are being watched by something.
You feel your power leaking away.
Urug is engulfed in freezing vapours.
Urug throws a javelin.
The javelin pierces through you!
There is a broken door here.
Urug is engulfed in freezing vapours.
Urug throws a javelin.
The javelin misses you.
You feel you are being watched by something.
You feel your power leaking away. Something hits you!
Deactivating autopickup; reactivate with Ctrl-A.
Something hits you! Something stings you!
* * * LOW HITPOINT WARNING * * *
You feel weakened.
You feel you are being watched by something.
You feel you are being watched by something.
You feel your power leaking away. Something hits you!
* * * LOW HITPOINT WARNING * * *
Something hits you.
You die...

#......# .......# ''######
''############# #### ##
......#...+....###...# .##
..).###...###...#...# ...#
...##.+...'.##.....#### ...#
..##..##'##..##...##..##o.# h
..#..##...##..+.@.#..........
..#..#.....#..#..{#....#..#..
..+..+)....'..'...'..........
..#))#.....#..#...#....#..#..
..#..##...##..+.†.#...M....J.
..##..##+##..##..†##..##..# W
...##.+†).'.##.....#### ...#
....###..)###...#...# ..r#
......#...'(...###...# .##


You could see a mummy.

Vanquished Creatures
  A merfolk javelineer (D)
  Erolcha (D)
  A death yak (D)
  A flayed ghost (D)
  A deep troll (D)
  A manticore (D)
  An unseen horror (D)
  A wandering mushroom (D)
  A guardian mummy (D)
  3 merfolk (D)
  A troll (D)
  Grinder (D)
  A tarantella (D)
  Prince Ribbit (D)
  A hornet (D)
  3 blink frogs (D)
  A snapping turtle (D)
  A wraith (D)
  A water moccasin (D)
  An orc warrior (D)
  A sky beast (D)
  An ogre (D)
  A centaur (D)
  A wolf (D)
  A bullfrog (D)
  A quasit (D)
  A jelly (D)
  A gnoll bouda (D)
  A hell rat (D)
  7 gnolls (D)
  An adder (D)
  A white imp (D)
  An adder zombie (D)
  2 orcs (D)
  A bat skeleton (D)
  A giant cockroach (D)
  A hobgoblin (D)
  4 jackals (D)
  2 quokkas (D)
  3 kobolds (D)
  3 rats (D)
60 creatures vanquished.

Notes
Turn   | Place    | Note
-------+----------+-------------------------------------------
     0 | D        | rocky1 the Deep Elf Earth Elementalist began the quest for
                  | the Orb.
     0 | D        | Reached XP level 1. HP: 10/10 MP: 6/6
    18 | D        | Found a bloodstained altar of Trog.
    18 | D        | Found a shimmering blue altar of Sif Muna.
    18 | D        | Found a viscous altar of Jiyva.
    18 | D        | Found a hazy altar of Hepliaklqana.
    18 | D        | Found an opulent altar of Gozag.
    19 | D        | Found a glowing golden altar of the Shining One.
    19 | D        | Found a glowing silver altar of Zin.
    19 | D        | Found a basalt altar of Yredelemnul.
    19 | D        | Found a shimmering altar of Xom.
    19 | D        | Found an ornate altar of the Wu Jian Council.
    19 | D        | Found a sacrificial altar of Ru.
    19 | D        | Found a stormy altar of Qazlal.
    19 | D        | Found an iron altar of Okawaru.
    19 | D        | Found a sparkling altar of Nemelex Xobeh.
    19 | D        | Found a burning altar of Makhleb.
    19 | D        | Found a blossoming altar of Fedhas.
    19 | D        | Found a white marble altar of Elyvilon.
    19 | D        | Found a shadowy altar of Dithmenos.
    19 | D        | Found a snail-covered altar of Cheibriados.
    22 | D        | Found a corrupted altar of Lugonu.
    22 | D        | Found a radiant altar of Vehumet.
    23 | D        | Found an ancient bone altar of Kikubaaqudgha.
    23 | D        | Found a hide-covered altar of Uskayaw.
    23 | D        | Found a broken altar of Ashenzari.
    26 | D        | Became a worshipper of Sif Muna the Loreminder
    65 | D        | Reached skill level 1 in Fighting
    65 | D        | Reached skill level 1 in Invocations
    65 | D        | Reached XP level 2. HP: 16/16 MP: 3/8
   314 | D        | Reached * piety under Sif Muna
   315 | D        | Reached skill level 4 in Spellcasting
   455 | D        | Reached ** piety under Sif Muna
   603 | D        | Noticed Prince Ribbit
   609 | D        | Reached skill level 5 in Earth Magic
   609 | D        | Reached XP level 3. HP: 21/21 MP: 7/11
   610 | D        | Reached *** piety under Sif Muna
   611 | D        | Reached skill level 5 in Spellcasting
   613 | D        | Reached skill level 6 in Spellcasting
   613 | D        | Reached XP level 4. HP: 27/27 MP: 4/14
   615 | D        | Reached **** piety under Sif Muna
   616 | D        | Reached skill level 7 in Spellcasting
   616 | D        | Noticed Grinder
   618 | D        | Reached skill level 1 in Staves
   628 | D        | Reached ***** piety under Sif Muna
   629 | D        | Reached XP level 5. HP: 32/32 MP: 9/17
   630 | D        | Killed Grinder
   630 | D        | Received a gift from Sif Muna
   631 | D        | Reached skill level 10 in Spellcasting
   631 | D        | Reached skill level 5 in Invocations
   631 | D        | Reached XP level 6. HP: 39/39 MP: 8/21
   634 | D        | Killed Prince Ribbit
   635 | D        | Reached skill level 5 in Fighting
   635 | D        | Reached skill level 11 in Spellcasting
   635 | D        | Reached XP level 7. HP: 44/44 MP: 5/24
   842 | D        | Learned a level 3 spell: Stone Arrow
   849 | D        | Learned a level 6 spell: Summon Cactus Giant
   865 | D        | Reached skill level 1 in Conjurations
   865 | D        | Reached skill level 1 in Summonings
   865 | D        | Reached skill level 10 in Earth Magic
   902 | D        | Killed an unseen horror
   903 | D        | Reached skill level 5 in Dodging
   903 | D        | Reached skill level 12 in Spellcasting
  1100 | D        | Reached XP level 8. HP: 51/51 MP: 11/26
  1278 | D        | Received a gift from Sif Muna
  1281 | D        | Got Sif Muna's Vellum of Fog {god gift}
  1328 | D        | Got the +2 halberd of Kismet {vamp, rPois Dex+2}
  1387 | D        | Learned a level 5 spell: Freezing Cloud
  1445 | D        | Noticed a death yak
  1557 | D        | Killed a death yak
  1558 | D        | Reached skill level 13 in Spellcasting
  1693 | D        | Noticed a troll
  1693 | D        | Noticed a tarantella
  1695 | D        | Killed a troll
  1697 | D        | Killed a tarantella
  1698 | D        | Reached skill level 5 in Conjurations
  1698 | D        | Reached skill level 5 in Summonings
  1698 | D        | Reached XP level 9. HP: 47/56 MP: 15/28
  1912 | D        | Reached ****** piety under Sif Muna
  2059 | D        | Received a gift from Sif Muna
  2065 | D        | Got Ixtaur's Folio of the Brume and Therianthropy {god
                  | gift}
  2237 | D        | Learned a level 6 spell: Plasma Beam
  2246 | D        | Noticed a wandering mushroom
  2252 | D        | Killed a wandering mushroom
  2253 | D        | Reached skill level 14 in Spellcasting
  2253 | D        | Reached skill level 1 in Fire Magic
  2297 | D        | Noticed a manticore
  2303 | D        | Killed a manticore
  2304 | D        | Reached skill level 5 in Ice Magic
  2357 | D        | Noticed a merfolk
  2358 | D        | Noticed a merfolk javelineer
  2376 | D        | Killed a merfolk
  2389 | D        | Killed a merfolk javelineer
  2390 | D        | Reached skill level 5 in Air Magic
  2390 | D        | Reached XP level 10. HP: 22/63 MP: 5/30
  2682 | D        | Noticed a deep troll
  2683 | D        | Noticed Erolcha
  2684 | D        | Received a gift from Sif Muna
  2685 | D        | Got Ydiaj's Disquisition on Weird Coordinates {god gift}
  2688 | D        | Killed a deep troll
  2690 | D        | Reached skill level 10 in Invocations
  2696 | D        | Reached skill level 15 in Spellcasting
  2704 | D        | Killed Erolcha
  2705 | D        | Reached skill level 5 in Fire Magic
  2708 | D        | Received a gift from Sif Muna
  2864 | D        | Noticed a flayed ghost
  2870 | D        | Reached skill level 10 in Dodging
  2871 | D        | Killed a flayed ghost
  3018 | D        | Noticed Harold
  3020 | D        | Noticed a phantasmal warrior
  3022 | D        | Noticed Urug
  3027 | D        | Slain by a ghost moth

Illustrated notes

Levels and vault maps discovered:
D:        pitsprint [storerooms_1, entrance_room_1, metal_vault_6, armoury_2,
          mini_pit_1, grid_room_1, main_hall_1, silver_pit, the_coven_2,
          the_vestibule_1, steel_vault_4, golden_pit, hallway_of_sentries,
          crystal_vault_5, iron_vault_4, final_vault]

Skill      XL: |  1  2  3  4  5  6  7  8  9 10 |
---------------+-------------------------------+-----
Fighting       | 1 2 3 4 5 6 7 8 |  8.3
Earth Magic    | 4 5 6 8 9 10 | 10.6
Invocations    | 1 2 3 4 5 6 7 8 9 10 | 10.6
Dodging        | 3 5 7 8 10 | 10.2
Spellcasting   | 4 6 7 10 11 12 13 14 15 | 15.4
Staves         | 1 |  1.0
Conjurations   | 2 5 6 8 |  8.2
Summonings     | 2 5 7 8 |  8.4
Ice Magic      | 3 5 7 |  7.5
Air Magic      | 3 5 6 |  6.8
Fire Magic     | 3 5 |  5.7
Stealth        | |  2.4
Transmutations | |  1.1

Action                     |  1- 3 |  4- 6 |  7- 9 | 10-12 || total
---------------------------+-------+-------+-------+-------++-------
  Melee: Quarterstaff      |     3 |       |     1 |       ||     4
   Cast: Sandblast         |    27 |    20 |     1 |       ||    48
         Stone Arrow       |       |       |    57 |    27 ||    84
         Freezing Cloud    |       |       |       |     4 ||     4
 Invoke: Channel Magic     |       |       |       |     2 ||     2
    Use: Potion            |     3 |     1 |     1 |       ||     5
         Scroll            |       |       |     2 |       ||     2
 Armour: Robe              |     2 |       |     1 |       ||     3
  Dodge: Dodged            |    21 |     5 |    17 |     4 ||    47

Table legend: (Time is in decaauts)
 A = Elapsed time spent in this place.
 B = Non-inter-level travel time spent in this place.
 C = Inter-level travel time spent in this place.
 D = Time resting spent in this place.
 E = Time spent auto-exploring this place.
 F = Levels seen in this place.
 G = Mean time per level.
                   A        B        C        D        E       F      G
               +--------+--------+--------+--------+--------+-----+--------+
         Total |   3050 |   2992 |     58 |   2317 |      0 |   1 | 3050.0 |
       Dungeon |   3050 |   2992 |     58 |   2317 |      0 |   1 | 3050.0 |
               +--------+--------+--------+--------+--------+-----+--------+

Top non-repeatable levels by time:
       D: 3050 daAuts
